 Dungeon Crawl Stone Soup version 0.28.0 (webtiles) character file.

Game seed: 3007182370689203543

76 PoweredByGinger the Chopper (level 4, -5/33 HPs)
             Began as a Demonspawn Gladiator on Feb 7, 2022.
             Slain by a wyvern zombie (7 damage)
             ... on level 4 of the Dungeon.
             The game lasted 00:05:16 (3530 turns).

PoweredByGinger the Chopper (Demonspawn Gladiator)  Turns: 3530, Time: 00:05:16

Health: -5/33      AC:  6    Str: 16    XL:     4   Next: 12%
Magic:  4/4        EV: 12    Int:  9    God:
Gold:   118        SH:  0    Dex: 15    Spells: 3/3 levels left

rFire   . . .      SeeInvis .   a - +0 war axe
rCold   . . .      Faith    .   (no shield)
rNeg    . . .      Spirit   .   b - +0 leather armour
rPois   .          Reflect  .   l - +1 helmet
rElec   .          Harm     .   e - +0 cloak
rCorr   .          Rampage  .   (no gloves)
Will    .....                   (no boots)
Stlth   +.........              (no amulet)
HPRegen 0.11/turn               (no ring)
MPRegen 0.09/turn               (no ring)

@: no status effects
A: powered by pain 1, weakness stinger 1
a: no special abilities


You were on level 4 of the Dungeon.
You visited 1 branch of the dungeon, and saw 4 of its levels.

You collected 118 gold pieces.

Inventory:

Hand Weapons
 a - a +0 war axe (weapon)
Missiles
 d - 20 stones (quivered)
 i - 21 bolts
Armour
 b - a +0 leather armour (worn)
 e - a +0 cloak (worn)
 l - a +1 helmet (worn)
Jewellery
 c - a ring of resist corrosion
Scrolls
 f - 4 scrolls of identify {unknown}
 k - a scroll of teleportation {unknown}
Potions
 g - a potion of haste
 h - a potion of heal wounds {unknown}
 j - a potion of lignification {unknown}


   Skills:
 - Level 2.0 Fighting
 + Level 4.3 Axes
 - Level 1.7 Throwing
 + Level 1.1 Armour
 - Level 2.6 Dodging
 + Level 0.2 Stealth


You had 3 spell levels left.
You didn't know any spells.
Your spell library contained the following spells:

 Spells                   Type           Power      Damage    Failure   Level
 Ignite Poison            Fire/Tmut/Pois 0%         N/A       83%         3
 Mephitic Cloud           Conj/Pois/Air  0%         N/A       83%         3
 Freezing Cloud           Conj/Ice/Air   0%         6-21      100%        5
 Dispersal                Tloc           0%         N/A       100%        6
 Disjunction              Tloc           0%         N/A       100%        8


Dungeon Overview and Level Annotations

Branches:
Dungeon (4/15)
 Temple: D:4-7

Altars:
Ru
Trog
Uskayaw

Annotations:
D:2 1 runed translucent door, Crazy Yiuf, Sigmund


Innate Abilities, Weirdness & Mutations

You sometimes gain a little power by taking damage.
You have a small tail.


Message History

The wyvern zombie is lightly damaged.
The wyvern zombie bites you but does no damage. x2
You hit the wyvern zombie but do no damage.
You tail-slap the wyvern zombie.
The wyvern zombie is moderately damaged.
The wyvern zombie barely misses you. x2
You hit the wyvern zombie. You tail-slap the wyvern zombie.
The wyvern zombie is heavily damaged.
The wyvern zombie bites you.
You slash the wyvern zombie!
The wyvern zombie is severely damaged.
The wyvern zombie closely misses you.
The wyvern zombie bites you but does no damage.
You hit the wyvern zombie.
The wyvern zombie is severely damaged.
The wyvern zombie completely misses you.
The wyvern zombie bites you!
* * * LOW HITPOINT WARNING * * *
Really walk into that teleport trap?
You enter a teleport trap!
The teleport trap disappears.
Your surroundings suddenly seem different.
You start resting.
HP restored.
An ogre comes into view. It is wielding a +0 giant club.
The ogre shouts!
An ogre is nearby!
An ogre is nearby!
Found a silver wand.
You open the door.
There is an open door here.
You see here a scroll labelled SOSKENN VIOFU.
The wyvern zombie bites you! The wyvern zombie barely misses you.
The wyvern zombie misses you. The wyvern zombie bites you.
There is an open door here.
The wyvern zombie bites you! The wyvern zombie bites you!
* * * LOW HITPOINT WARNING * * *
The wyvern zombie bites you!
You die...

........#########
................#
.............รท..#
##.....O........#
#..............#
#..............#
#######........#
#Z.......#
#@....#+## #.....#
#.....# #.....+
#.....# #######


You could see an ogre and a wyvern zombie.

Vanquished Creatures
  2 adders
  3 ball pythons
  4 bats
  5 endoplasms
  2 giant cockroaches
  9 goblins
  9 hobgoblins
  4 quokkas
  8 kobolds
  5 rats
51 creatures vanquished.

Vanquished Creatures (others)
  A plant (D:2)
1 creature vanquished.

Grand Total: 52 creatures vanquished

Notes
Turn   | Place    | Note
-------+----------+-------------------------------------------
     0 | D:1      | PoweredByGinger the Demonspawn Gladiator began the quest
                  | for the Orb.
     0 | D:1      | Reached XP level 1. HP: 16/16 MP: 1/1
    80 | D:1      | Reached skill level 3 in Axes
   192 | D:1      | Gained mutation: You have a small tail. [demonic ancestry]
   192 | D:1      | Reached XP level 2. HP: 22/22 MP: 2/2
   828 | D:1      | Found a faded altar of an unknown god.
  1416 | D:2      | Gained mutation: You sometimes gain a little power by
                  | taking damage. [demonic ancestry]
  1416 | D:2      | Reached XP level 3. HP: 27/27 MP: 3/3
  1646 | D:2      | Reached skill level 4 in Axes
  1860 | D:2      | You fall into a shaft and drop 1 floor!
  2135 | D:3      | Reached XP level 4. HP: 33/33 MP: 4/4
  2260 | D:2      | Found a runed translucent door.
  2261 | D:2      | Noticed Crazy Yiuf
  2476 | D:2      | Noticed Sigmund
  2489 | D:2      | HP: 1/33 [Sigmund/puff of flame (7)]
  2599 | D:3      | Reached skill level 1 in Armour
  3103 | D:3      | Found a bloodstained altar of Trog.
  3103 | D:3      | Found a hide-covered altar of Uskayaw.
  3103 | D:3      | Found a sacrificial altar of Ru.
  3490 | D:4      | Noticed an ogre
  3525 | D:4      | HP: 1/33 [wyvern zombie (13)]
  3530 | D:4      | Slain by a wyvern zombie

Illustrated notes

Levels and vault maps discovered:
D:1:      erik_arrival_cave_to_civilisation [erik_arrival_cave_to_hall],
          layout_basic, ebering_ecumenical_altar_rust
D:2:      layout_basic, serial_bayou_lagoon_b, uniq_sigmund,
          uniq_crazy_yiuf_cottage
D:3:      layout_rooms, gammafunk_temple_overflow_forgotten
D:4:      layout_gridville

Skill      XL: |  1  2  3  4 |
---------------+-------------+-----
Axes           | 3 4 |  4.3
Armour         | 1 |  1.1
Fighting       | |  2.0
Throwing       | |  1.7
Dodging        | |  2.6
Stealth        | |  0.2

Action                   |  1- 3 |  4- 6 || total
-------------------------+-------+-------++-------
Melee: War axe           |   109 |    23 ||   132
       Tailslap          |    11 |     6 ||    17
Throw: Throwing net      |       |     4 ||     4
       Stone             |       |     2 ||     2
  Use: Potion            |       |     4 ||     4
 Stab: Sleeping          |     1 |       ||     1
Armor: Leather armour    |    43 |     4 ||    47
Dodge: Dodged            |    62 |    26 ||    88
